 Dungeon Crawl Stone Soup version 0.17-a0-1575-g9a29ec8 (webtiles) character file.

72 Eldritch the Skirmisher (level 4, -3/35 HPs)
             Began as a Demonspawn Abyssal Knight on July 27, 2015.
             Was a Believer of Lugonu.
             Slain by a hound (5 damage)
             ... on level 3 of the Dungeon.
             The game lasted 00:07:16 (2612 turns).

Eldritch the Skirmisher (Demonspawn Abyssal Knight) Turns: 2612, Time: 00:07:16

Health: -3/35      AC:  7    Str: 18    XL:     4   Next: 6%
Magic:  6/6        EV: 12    Int: 14    God:    Lugonu [**....]
Gold:   42         SH:  0    Dex: 12    Spells: 0 memorised, 5 levels left

rFire  . . .     SeeInvis .     f - +0 dagger (speed)
rCold  . . .     Clarity  .     b - +1 leather armour
rNeg   . . .     SustAt   .     (no shield)
rPois  .         Gourm    .     (no helmet)
rElec  .         Spirit   .     (no cloak)
rCorr  .         Warding  .     (no gloves)
rMut   .         Stasis   .     h - +2 pair of boots
MR     .....                    (no amulet)
Stlth  +.........               (no ring)
                                (no ring)

@: mighty, not resistant to hostile enchantments, very unstealthy
A: powered by pain 1
a: Depart the Abyss, Bend Space, Renounce Religion


You were on level 3 of the Dungeon.
You worshipped Lugonu.
Lugonu was pleased with you.
You were not hungry.

You visited 1 branch of the dungeon, and saw 3 of its levels.
You visited the Abyss 1 time.

You collected 42 gold pieces.

Inventory:

Hand weapons
 a - a +1 spear
 c - a +4 dagger
 f - a +0 dagger of speed (weapon)
Armour
 b - a +1 leather armour (worn)
 d - a +0 ring mail
 h - a +2 pair of boots (worn)
Scrolls
 m - a scroll of teleportation {unknown}
 n - a scroll of fog {unknown}
Potions
 e - 2 potions of curing {unknown}
 g - 2 potions of might
Miscellaneous
 k - a plain deck of wonders
Comestibles
 j - 2 meat rations
 l - 2 bread rations


   Skills:
 * Level 3.5 Fighting
 * Level 0.5 Short Blades
 - Level 1.7 Polearms
 + Level 2.2 Armour
 + Level 1.7 Dodging
 - Level 0.2 Stealth
 - Level 1.0 Spellcasting
 - Level 3.0 Invocations


You had 5 spell levels left.
You didn't know any spells.

Dungeon Overview and Level Annotations

Branches:
Dungeon (3/15)

Altars:
Nemelex Xobeh


Innate Abilities, Weirdness & Mutations

You sometimes gain a little power by taking damage.


Message History

* * * LOW HITPOINT WARNING * * *
The quokka barely misses you. The hound barely misses you.
Drink which item? (? for menu, Esc to quit)
You feel very mighty all of a sudden. The quokka barely misses you.
The hound closely misses you.
You are too injured to fight recklessly!
You are too injured to fight recklessly!
You are too injured to fight recklessly!
You are too injured to fight recklessly!
You barely miss the quokka. The hound bites you.
* * * LOW HITPOINT WARNING * * *
The quokka bites you but does no damage.
You puncture the quokka!
You kill the quokka!
Lugonu accepts your kill. The hound bites you but does no damage.
The hound bites you.
* * * LOW HITPOINT WARNING * * *
The hound bites you.
You die...

#. #. #. #. #.
#. # #†###
####.##.S.##
.....#..#h@#
#....###.#
#.##..#..##### #
##.......... #
##.########
....####.#
#...(..<.#
##..###.........
#.########


You could see a hound and an adder.

Vanquished Creatures
  An adder (D:2)
  2 oozes
  2 bats
  2 giant cockroaches
  6 goblins
  6 hobgoblins
  6 jackals
  2 quokkas
  4 giant geckos
  2 giant newts
  7 kobolds
  8 rats
48 creatures vanquished.

Notes
Turn   | Place    | Note
--------------------------------------------------------------
     0 | Abyss:1  | Eldritch the Demonspawn Abyssal Knight began the quest for the Orb.
     0 | Abyss:1  | Reached XP level 1. HP: 18/18 MP: 2/2
    67 | D:1      | Escaped the Abyss
   507 | D:1      | Acquired Lugonu's first power
   507 | D:1      | Gained mutation: You sometimes gain a little power by taking damage. [demonic ancestry]
   507 | D:1      | Reached XP level 2. HP: 24/24 MP: 3/3
   670 | D:1      | Reached skill level 1 in Dodging
  1106 | D:1      | Reached XP level 3. HP: 22/29 MP: 5/5
  1661 | D:2      | Acquired Lugonu's second power
  1661 | D:2      | Reached skill level 1 in Spellcasting
  1675 | D:2      | Found a sparkling altar of Nemelex Xobeh.
  2356 | D:2      | Found a faded altar to an unknown god.
  2369 | D:2      | Reached XP level 4. HP: 32/35 MP: 6/6
  2612 | D:3      | Slain by a hound

Vault maps used:
D:1:      elethiomel_arrival_shortcut, serial_co_window_serial,
          co_window_paths_b, co_window_paths_a, co_window_of_opportunity_a,
          co_window_of_opportunity_a, co_window_paths_b, co_window_corner_b,
          co_window_broadway_a, co_window_broadway_c, co_window_paths_c,
          co_window_2corner, co_window_2corner, glass_columns_b,
          glass_columns_b, glass_columns_c, glass_columns_a
D:2:      nemelex_deck, serial_forest, infiniplex_forest_straight_1,
          infiniplex_forest_zigzag_1, infiniplex_forest_end_2,
          infiniplex_forest_straight_1, infiniplex_forest_lined_2,
          infiniplex_forest_lined_4_way, infiniplex_forest_corner_1,
          ecumenical_altar_2, first_bread
D:3:      uniq_terence, uniq_robin, uniq_grinder, uniq_natasha

Action                   |  1- 3 |  4- 6 || total
-------------------------+-------+-------++-------
Melee: Spear             |    36 |       ||    36
       Dagger            |   173 |    66 ||   239
Invok: Depart the Abyss  |     1 |       ||     1
  Use: Scroll            |     4 |       ||     4
       Potion            |       |     1 ||     1
 Stab: Sleeping          |     1 |       ||     1
       Distracted        |     1 |       ||     1
  Eat: Bread ration      |     1 |       ||     1
       Beef jerky        |       |     1 ||     1
